 Dungeon Crawl Stone Soup version 0.30-a0-457-g4b7bca3bfa (webtiles) character file.

Game seed: 12790403038760103067

2 NinjaNoafa the Caller (level 1, 0/7 HPs)
             Began as a Felid Summoner on Dec 14, 2022.
             Slain by a ball python (1 damage)
             ... on level 1 of the Dungeon.
             The game lasted 00:00:22 (104 turns).

NinjaNoafa the Caller (Felid Summoner)               Turns: 104, Time: 00:00:22

Health: 0/7        AC:  1    Str:  4    XL:     1   Next: 33%
Magic:  1/4        EV: 17    Int: 16    God:
Gold:   0          SH:  0    Dex: 16    Spells: 3/4 levels left
                                        Lives:  0   Deaths: 0

rFire   . . .      SeeInvis +    (weapon unavailable)
rCold   . . .      Faith    .    (shield unavailable)
rNeg    . . .      Spirit   .    (body armour unavailable)
rPois   .          Reflect  .    (helmet unavailable)
rElec   .          Harm     .    (cloak unavailable)
rCorr   .          Rampage  .    (gloves unavailable)
Will    .....                    (boots unavailable)
Stlth   ++........               (no amulet)
HPRegen 0.21/turn                (no ring)
MPRegen 0.09/turn                (no ring)

@: very slightly contaminated, quick
A: very small, claws 1, fangs 3, see invisible, speed 1, shaggy fur 1, stealthy
paws, no weapons or thrown items, no armour, multi-lived
a: no special abilities


You were on level 1 of the Dungeon.
You visited 1 branch of the dungeon, and saw 1 of its levels.

Inventory:

Potions
 a - 2 potions of magic
 b - a potion of haste {unknown}


   Skills:
 - Level 2.6 Dodging
 - Level 2.6 Stealth
 + Level 2.1 Spellcasting
 + Level 4.0 Summonings


You had 3 spell levels left.
You knew the following spells:

 Your Spells              Type           Power      Damage    Failure   Level
a - Summon Small Mammal   Summ           56%        N/A       3%          1

Your spell library contained the following spells:

 Spells                   Type           Power      Damage    Failure   Level
 Call Imp                 Summ           14%        N/A       6%          2
 Call Canine Familiar     Summ           14%        N/A       12%         3
 Summon Guardian Golem    Hex/Summ       8%         N/A       26%         3
 Summon Lightning Spire   Summ/Air       8%         N/A       65%         4


Dungeon Overview and Level Annotations

Branches:
Dungeon (1/15)

Altars:


Innate Abilities, Weirdness & Mutations

You have sharp claws.
You have razor-sharp teeth.
You have supernaturally acute eyesight. (SInv)
You cover ground quickly. (Speed+)
You are covered in fur. (AC +1)
Your paws help you pounce on unaware monsters.
You are incapable of wielding weapons or throwing items.
You cannot wear armour.
You gain extra lives every three experience levels.


Message History

Found a white potion.
The ball python hisses angrily. x2
The bat hits you.
You barely miss the bat. The bat misses you.
You scratch the ball python.
You bite the ball python, but do no damage.
The ball python is severely wounded.
The ball python bites you. The ball python misses you.
The ball python closely misses you. x2; The bat misses you.
The ball python completely misses you. The ball python closely misses you.
You scratch the ball python.
You kill the ball python!
The bat misses you. The bat hits you. The ball python bites you.
The ball python barely misses you. The ball python closely misses you.
The ball python barely misses you.
The kobold shouts!
Casting: Summon Small Mammal (safe; 4% risk of failure)
Confirm with . or Enter, or press ? or * to list all spells.
The ball python barely misses you. x2
Your quokka closely misses the kobold.
The bat attacks as you move away! The bat hits you. The bat closely misses you.
The kobold hits your quokka with a +0 dagger.
Your quokka bites the kobold but does no damage.
Your quokka misses the kobold.
Casting: Summon Small Mammal (safe; 4% risk of failure)
Confirm with . or Enter, or press ? or * to list all spells.
You miscast Summon Small Mammal.
You are very lightly contaminated with residual magic.
Nothing appears to happen.
The kobold closely misses your quokka.
Your quokka barely misses the kobold.
The ball python bites you.
* * * LOW HITPOINT WARNING * * *
The ball python closely misses you. The kobold closely misses your quokka.
Your quokka bites the kobold.
The kobold dies!
The bat hits you.
* * * LOW HITPOINT WARNING * * *
Casting: Summon Small Mammal (safe; 3% risk of failure)
Confirm with . or Enter, or press ? or * to list all spells.
The ball python bites you.
You die...

#..........# .
#......## .#
#.......## .##
#........# ..# ##
#......#.## #.###.
#....)....# ##.##~~
..###.##r..# #######
#..##.. # .!.
#..S###.....###......
..##
#..b@†b.######.....~.
### #...###.#
##...PP~P #...# #.#
#.......P #..># #.#
##........ #...#
#.####...##P... #...#
#.......###P... #####
######.## ##... ###
###. ##


You could see a bat (ally target), a ball python (ally target), a friendly
quokka (summoned) and a friendly bat (summoned).

Vanquished Creatures
  A ball python (D:1)
  A rat (D:1)
2 creatures vanquished.

Vanquished Creatures (collateral kills)
  A frilled lizard (D:1)
  A kobold (D:1)
2 creatures vanquished.

Grand Total: 4 creatures vanquished

Notes
Turn   | Place    | Note
-------+----------+-------------------------------------------
     0 | D:1      | NinjaNoafa the Felid Summoner began the quest for the Orb.
     0 | D:1      | Reached XP level 1. HP: 7/7 MP: 4/4
   104 | D:1      | Slain by a ball python

Illustrated notes

Levels and vault maps discovered:
D:1:      lemuel_arrival_muddy, layout_rooms

Action                   || total
-------------------------++-------
Melee: Unarmed           ||     5
       Bite              ||     1
 Cast: Summon Small Mamm ||     5
Dodge: Dodged            ||    17

Table legend: (Time is in decaauts)
 A = Elapsed time spent in this place.
 B = Non-inter-level travel time spent in this place.
 C = Inter-level travel time spent in this place.
 D = Time resting spent in this place.
 E = Time spent auto-exploring this place.
 F = Levels seen in this place.
 G = Mean time per level.
                   A        B        C        D        E       F      G
               +--------+--------+--------+--------+--------+-----+--------+
         Total |     91 |     91 |      0 |      0 |     63 |   1 |   91.0 |
       Dungeon |     91 |     91 |      0 |      0 |     63 |   1 |   91.0 |
               +--------+--------+--------+--------+--------+-----+--------+

Top non-repeatable levels by time:
     D:1: 91 daAuts
